 Dungeon Crawl Stone Soup version 0.28-a0-589-g333b8329f1 (webtiles) character file.

Game seed: 4075587817025219718

21 pokedragonboy the Firebug (level 2, -3/15 HPs)
             Began as a Deep Elf Fire Elementalist on Oct 3, 2021.
             Killed from afar by Sigmund (9 damage)
             ... with a puff of flame
             ... on level 2 of the Dungeon.
             The game lasted 00:02:23 (1096 turns).

pokedragonboy the Firebug (DEFE)                    Turns: 1096, Time: 00:02:24

Health: -3/15      AC:  2    Str:  5    XL:     2   Next: 65%
Magic:  2/8        EV: 12    Int: 19    God:
Gold:   66         SH:  0    Dex: 15    Spells: 6/7 levels left

rFire   . . .      SeeInvis .   b - +0 short sword (protect)
rCold   . . .      Faith    .   (no shield)
rNeg    . . .      Spirit   .   a - +0 robe
rPois   .          Reflect  .   (no helmet)
rElec   .          Harm     .   (no cloak)
rCorr   .          Rampage  .   (no gloves)
Will    .....                   (no boots)
Stlth   ++........              (no amulet)
HPRegen 0.05/turn               (no ring)
MPRegen 0.11/turn               (no ring)

@: no status effects
A: no striking features
a: no special abilities


You were on level 2 of the Dungeon.
You visited 1 branch of the dungeon, and saw 2 of its levels.

You collected 66 gold pieces.

Inventory:

Hand Weapons
 b - a +0 short sword of protection (weapon)
Missiles
 c - 49 stones
 i - 2 curare-tipped darts
Armour
 a - a +0 robe (worn)
Wands
 h - a wand of polymorph (13)
Scrolls
 e - a scroll of noise {unknown}
 g - 3 scrolls of identify {unknown}
Potions
 d - a potion of curing {unknown}
 f - 2 potions of ambrosia {unknown}


   Skills:
 - Level 2.4 Dodging
 - Level 2.4 Stealth
 + Level 3.4 Spellcasting
 + Level 1.7 Conjurations
 * Level 3.9 Fire Magic


You had 6 spell levels left.
You knew the following spells:

 Your Spells              Type           Power      Damage    Failure   Level
a - Foxfire               Conj/Fire      52%        2x1d6     4%          1

Your spell library contained the following spells:

 Spells                   Type           Power      Damage    Failure   Level
 Scorch                   Fire           36%        2d6       4%          2
 Conjure Flame            Conj/Fire      13%        6-21      14%         3
 Inner Flame              Hex/Fire       10%        N/A       21%         3
 Flame Wave               Conj/Fire      13%        3d5       41%         4
 Chain Lightning          Conj/Air       3%         3d4       100%        9
 Fire Storm               Conj/Fire      6%         8d2       100%        9
 Shatter                  Erth           1%         3d6*      100%        9


Dungeon Overview and Level Annotations

Branches:
Dungeon (2/15)

Altars:

Annotations:
D:2 Sigmund


Message History

Found 2 curare-tipped darts.
h - a wand of polymorph (13)
You see here 2 curare-tipped darts.
i - 2 curare-tipped darts As you open the large door, it creaks loudly!
You hear a shout!
Sigmund the Dreaded comes into view.
He is wielding a +1 scythe of protection.
Sigmund shouts!
There is a large open door here.
You conjure some foxfire!
You miscast Foxfire.
You are very lightly contaminated with residual magic.
Nothing appears to happen.
A kobold comes into view. It is wielding a +0 dagger.
You conjure some foxfire!
A rat comes into view.
Your foxfire dissipates!
The foxfire hits Sigmund but does no damage. x2
The foxfire hits the kobold.
You kill the kobold!
You conjure some foxfire!
You conjure some foxfire!
The foxfire hits Sigmund but does no damage.
Sigmund barely misses you.
The foxfire hits Sigmund.
Sigmund is lightly wounded.
You conjure some foxfire!
Sigmund hits you from afar with a +1 scythe of protection!
Ouch! That really hurt!
Your magical contamination has completely faded away.
You are too injured to fight recklessly!
Your foxfire dissipates!
You are too injured to fight recklessly!
Casting: Foxfire (safe; 4% risk of failure)
Confirm with . or Enter, or press ? or * to list all spells.
You conjure some foxfire!
Your foxfire dissipates! x3
Sigmund casts a spell at you. The puff of flame hits you!
Ouch! That really hurt!
You die...

#...............
#...............
#...............
#....§.§.#######
#....§§§§#
#....§§§§#########
#######§§.§......#####
#§..v..........#
#...v@.........#
#..............#
##@#####.......# #'#
######### .). .....
....... ........#
.........#


You could see Sigmund (ally target).

Vanquished Creatures
  A dart slug (D:2)
  A ball python (D:1)
  An endoplasm (D:2)
  4 jackals (D:1)
  A quokka (D:1)
  4 bats (D:1)
  A frilled lizard (D:1)
  3 kobolds
  2 rats
18 creatures vanquished.

Vanquished Creatures (others)
  60 foxfires
60 creatures vanquished.

Grand Total: 78 creatures vanquished

Notes
Turn   | Place    | Note
-------+----------+-------------------------------------------
     0 | D:1      | pokedragonboy the Deep Elf Fire Elementalist began the
                  | quest for the Orb.
     0 | D:1      | Reached XP level 1. HP: 10/10 MP: 6/6
   406 | D:1      | Reached XP level 2. HP: 15/15 MP: 6/8
  1086 | D:2      | Noticed Sigmund
  1096 | D:2      | Killed from afar by Sigmund

Illustrated notes

Levels and vault maps discovered:
D:1:      dpeg_arrival_stonehenge_8_columns, layout_basic
D:2:      minmay_wonky_spiral, layout_basic, chequers_ecumenical_altar_island,
          hangedman_glass_teeth, uniq_sigmund, uniq_crazy_yiuf_cottage,
          uniq_terence

Action                   || total
-------------------------++-------
Melee: Short sword       ||     3
 Cast: Foxfire           ||    38
Armor: Robe              ||     1
Dodge: Dodged            ||     8

Table legend: (Time is in decaauts)
 A = Elapsed time spent in this place.
 B = Non-inter-level travel time spent in this place.
 C = Inter-level travel time spent in this place.
 D = Time resting spent in this place.
 E = Time spent auto-exploring this place.
 F = Levels seen in this place.
 G = Mean time per level.
                   A        B        C        D        E       F      G
               +--------+--------+--------+--------+--------+-----+--------+
         Total |   1095 |   1074 |     21 |      4 |    941 |   2 |  547.5 |
       Dungeon |   1095 |   1074 |     21 |      4 |    941 |   2 |  547.5 |
               +--------+--------+--------+--------+--------+-----+--------+

Top non-repeatable levels by time:
     D:1: 831 daAuts
     D:2: 263 daAuts
